 Dungeon Crawl Stone Soup version 0.27-a0-1301-g128193abf8 (webtiles) character file.

Game seed: 652045387145615183

12184 flotson the Fighter (level 11, -8/130 HPs)
             Began as a Demonspawn Delver on June 17, 2021.
             Was an Initiate of Gozag.
             Mangled by a six-headed hydra (11 damage)
             ... on level 11 of the Dungeon.
             The game lasted 00:36:09 (18333 turns).

flotson the Fighter (Demonspawn Delver)            Turns: 18333, Time: 00:36:10

Health: -8/130     AC: 25    Str: 15    XL:     11   Next: 59%
Magic:  11/11      EV:  2    Int: 12    God:    Gozag
Gold:   1678       SH:  4    Dex: 21    Spells: 10/10 levels left

rFire    . . .     SeeInvis .   b - +3 flail (vorpal)
rCold    . . .     Faith    .   (no shield)
rNeg     + + +     Spirit   .   (armour currently unavailable)
rPois    +         Reflect  .   (helmet currently unavailable)
rElec    .         Harm     .   (cloak currently unavailable)
rCorr    +         Rampage  .   (gloves currently unavailable)
Will     .....     NoTele   +   (boots currently unavailable)
Stlth    ++++++....             (no amulet)
HPRegen  0.31/turn              E - ring of resist corrosion
MPRegen  0.12/turn              K - ring of positive energy

@: tree-form
A: stationary, stasis, torment immunity, boosted hp, (horns 1), thin skeletal
structure 3, demonic guardian 1, condensation shield
a: Renounce Religion, Potion Petition, Call Merchant, Bribe Branch


You were on level 11 of the Dungeon.
You worshipped Gozag.
Gozag was most pleased with you.
You were a tree.
You visited 2 branches of the dungeon, and saw 12 of its levels.

You collected 1829 gold pieces.
You spent 75 gold pieces at shops.
You paid 76 gold pieces to Gozag.

Inventory:

Hand Weapons
 a - a +9 vorpal broad axe
 b - a +3 vorpal flail (weapon)
Missiles
 k - a silver javelin
 l - 19 javelins (quivered)
 n - 9 poisoned darts
Armour
 t - a +2 leather armour of poison resistance (melded)
 M - a +2 cloak (melded)
Jewellery
 E - a ring of resist corrosion (left branch)
 K - a ring of positive energy (right branch)
Wands
 g - a wand of digging (7)
 i - a wand of polymorph (17)
 u - a wand of acid (1)
 w - a wand of iceblast (5)
 A - a wand of flame (14)
 H - a wand of paralysis (2)
Scrolls
 d - 3 scrolls of silence {unknown}
 h - 4 scrolls of amnesia {unknown}
 m - a scroll of holy word {unknown}
 p - 2 scrolls of enchant armour {unknown}
 v - 6 scrolls of teleportation
 x - 2 scrolls of immolation {unknown}
 y - a scroll of magic mapping
 z - a scroll of blinking {unknown}
 C - 2 scrolls of fog
 G - 2 scrolls of brand weapon {unknown}
 I - 2 scrolls of noise {unknown}
Potions
 e - 2 potions of cancellation {unknown}
 o - 3 potions of lignification
 q - 6 potions of curing
 r - 3 potions of attraction
 s - 3 potions of might
 B - 4 potions of flight
 L - 2 potions of mutation {unknown}
Miscellaneous
 J - a condenser vane (inert)


   Skills:
 + Level 8.7 Fighting
 * Level 7.7 Axes
 + Level 6.3 Throwing
 + Level 7.1 Armour
 + Level 7.5 Dodging
 - Level 4.5 Stealth
 + Level 6.4 Evocations


You had 10 spell levels left.
You didn't know any spells.
Your spell library contained the following spells:

 Spells                   Type           Power      Damage    Failure   Level
 Corona                   Hex            0%         N/A       32%         1
 Freeze                   Ice            0%         1d3       32%         1
 Sandblast                Erth           0%         2d4       32%         1
 Summon Small Mammal      Summ           0%         N/A       32%         1
 Call Imp                 Summ           0%         N/A       45%         2
 Passwall                 Tmut/Erth      0%         N/A       45%         2
 Slow                     Hex            0%         N/A       45%         2
 Call Canine Familiar     Summ           0%         N/A       69%         3
 Frozen Ramparts          Ice            0%         1d2       69%         3
 Inner Flame              Hex/Fire       0%         N/A       69%         3
 Ozocubu's Armour         Ice            0%         N/A       69%         3
 Portal Projectile        Hex/Tloc       0%         N/A       69%         3
 Stone Arrow              Conj/Erth      0%         3d7       69%         3
 Summon Guardian Golem    Hex/Summ       0%         N/A       69%         3
 Cause Fear               Hex            0%         N/A       97%         4
 Hailstorm                Conj/Ice       0%         3d3       97%         4
 Leda's Liquefaction      Hex/Erth       0%         N/A       97%         4
 Petrify                  Tmut/Erth      0%         N/A       97%         4
 Summon Ice Beast         Ice/Summ       0%         N/A       97%         4
 Summon Lightning Spire   Summ/Air       0%         N/A       97%         4
 Lee's Rapid Deconstruct  Erth           0%         3d5*      100%        5
 Metabolic Englaciation   Hex/Ice        0%         N/A       100%        5


Dungeon Overview and Level Annotations

Branches:
Dungeon (11/15)            Temple (0/1) D:7            Lair (1/6) D:11
    Orc: D:9-12

Altars:
Ashenzari
Cheibriados
Dithmenos
Elyvilon
Fedhas
Gozag
Hepliaklqana
Kikubaaqudgha
Makhleb
Nemelex Xobeh
Okawaru
Sif Muna
Wu Jian
Yredelemnul
Beogh

Shops:
D:4 (   D:9 !

Annotations:
D:9 2 transporters


Innate Abilities, Weirdness & Mutations

You are a tree.
Your roots penetrate the ground, keeping you stationary.
You cannot be teleported.
You are immune to unholy pain and torment.
Your maximum health is greatly increased.
Your equipment is partially melded.
((You have a pair of small horns on your head.))
You have an unnaturally thin skeletal structure. (Dex +6, Stealth+++)
A weak demonic guardian rushes to your aid.
A meltable shield of frost defends you. (SH +4)


Message History

The six-headed hydra bites you but does no damage.
Aiming: Paralyse
Press: ? - help, Shift-Dir - straight line, f - six-headed hydra, p - yak
Aim: a six-headed hydra (chance to affect: 30%)
Okay, then.
Unknown command.
Aiming: Paralyse
Press: ? - help, Shift-Dir - straight line, f - yak, p - yak
Aim: a yak (lightly wounded, ally target, chance to affect: 65%)
The yak struggles to resist.
The yak completely misses you.
Your yak gores the yak!
The six-headed hydra bites you but does no damage. x3
The six-headed hydra barely misses you.
The six-headed hydra bites you but does no damage. x2
Aiming: Paralyse
Press: ? - help, Shift-Dir - straight line, f/p - yak
Aim: a yak (heavily wounded, ally target, chance to affect: 65%)
The yak struggles to resist.
The yak gores you but does no damage.
Your yak closely misses the yak.
You block the six-headed hydra's attack.
The six-headed hydra bites you but does no damage.
The six-headed hydra bites you.
* * * LOW HITPOINT WARNING * * *
A demonic guardian appears!
The six-headed hydra bites you!
* * * LOW HITPOINT WARNING * * *
The six-headed hydra bites you but does no damage.
The six-headed hydra bites you.
* * * LOW HITPOINT WARNING * * *
Aiming: Corrosive Bolt
Press: ? - help, Shift-Dir - straight line, f - six-headed hydra, p - yak
Aim: a six-headed hydra (ally target, 91% to hit)
The bolt of acid hits the six-headed hydra!!
The six-headed hydra is splashed with acid!
The acid corrodes the six-headed hydra!
The six-headed hydra is heavily wounded.
The yak gores you!
* * * LOW HITPOINT WARNING * * *
Your yak closely misses the yak.
The six-headed hydra bites you!
You die...
Your body crumbles into a pile of gold.

#...........<..#...#
#.###.....###[.....###
#.# ##.#.##..........##
#.# #.###....P.....P.#
#.# #.#..............##
#.####.#...P...........#
.......#......#4##...P.#
..............#YD#.....##
#.#####.......#Y♣#...P..#
...## #...P...####..P...#
###.# #....P..........P.#
# #.# #..#..............#
###.# #..#...P.........##
...## #####............#
#### ###.(....##.## #
###.##....# # #....####


You could see a six-headed hydra (corroded, ally target), a yak (ally target), a
friendly rust devil (summoned) and a friendly yak (charmed).

Vanquished Creatures
  A centaur warrior (D:11)
  2 two-headed ogres
  Urug (D:11)
  Maurice (D:11)
  Joseph (D:8)
  A komodo dragon (D:11)
  2 trolls
  Sigmund (D:5)
  13 yaks
  A wyvern (D:10)
  2 steam dragons
  8 vampire mosquitoes
  Grum (D:11)
  Menkaure (D:4)
  Edmund (D:4)
  4 orc warriors
  A hornet zombie (D:7)
  2 ice beasts
  2 sky beasts
  3 black bears
  A necrophage (D:5)
  3 ogres
  3 wolves (D:11)
  4 centaurs
  A phantom (D:5)
  3 bullfrogs
  2 gnoll sergeants
  A wyvern skeleton (D:7)
  10 killer bees
  2 centaur zombies
  A jelly (D:5)
  4 hounds
  8 orc priests
  Ijyb (D:3)
  Natasha (thrice) (D:3)
  7 orc wizards
  A killer bee zombie (D:7)
  2 howler monkey zombies
  8 gnolls
  A howler monkey skeleton (D:7)
  4 adders
  A shadow imp (D:6)
  2 white imps
  A dart slug (D:4)
  25 orcs
  4 bats
  7 endoplasms
  A giant cockroach (D:1)
  8 goblins
  5 hobgoblins
  11 jackals
  4 quokkas
  3 training dummies (D:4)
  6 ball pythons
  A frilled lizard (D:2)
  A goblin skeleton (D:10)
  14 kobolds
  7 rats
220 creatures vanquished.

Vanquished Creatures (collateral kills)
  Grinder (D:3)
  4 yaks
  A gnoll (D:5)
  2 orcs
  A kobold (D:1)
9 creatures vanquished.

Vanquished Creatures (others)
  A killer bee (D:9)
  3 orcs (D:4)
  A jackal (D:3)
  15 fungi (D:11)
  17 plants (D:11)
37 creatures vanquished.

Grand Total: 266 creatures vanquished

Notes
Turn   | Place    | Note
-------+----------+-------------------------------------------
     0 | D:5      | flotson the Demonspawn Delver began the quest for the Orb.
     0 | D:5      | Reached XP level 1. HP: 18/18 MP: 1/1
     2 | D:5      | Noticed a black bear
    12 | D:5      | Noticed a hound
    68 | D:4      | Killed a hound
    69 | D:4      | Reached skill level 1 in Armour
    69 | D:4      | Gained mutation: A weak demonic guardian rushes to your
                  | aid. [demonic ancestry]
    69 | D:4      | Reached XP level 2. HP: 10/24 MP: 2/2
    69 | D:4      | Gained mutation: You have a somewhat thin skeletal
                  | structure. (Dex +2, Stealth+) [demonic ancestry]
    69 | D:4      | Reached XP level 3. HP: 13/29 MP: 3/3
   498 | D:4      | Found a hazy altar of Hepliaklqana.
   626 | D:4      | Found Isepnoiz's Firing Range.
   658 | D:4      | Noticed an ogre
   735 | D:4      | Found a shimmering blue altar of Sif Muna.
   787 | D:3      | Found a burning altar of Makhleb.
   787 | D:3      | Noticed Grinder
   858 | D:2      | Reached XP level 4. HP: 20/35 MP: 4/4
  1315 | D:1      | Found a faded altar of an unknown god.
  3230 | D:3      | Reached skill level 1 in Evocations
  3230 | D:3      | Gained mutation: You have a moderately thin skeletal
                  | structure. (Dex +4, Stealth++) [demonic ancestry]
  3230 | D:3      | Reached XP level 5. HP: 37/42 MP: 5/5
  3398 | D:3      | Noticed Natasha
  3405 | D:3      | Killed Natasha
  3406 | D:3      | Reached skill level 1 in Throwing
  3490 | D:3      | Noticed Ijyb
  3520 | D:3      | Killed Ijyb
  3773 | D:3      | Reached skill level 4 in Fighting
  3818 | D:3      | Noticed Natasha
  3823 | D:3      | Killed Natasha
  3938 | D:3      | Paralysed by Grinder for 4 turns
  3953 | D:3      | Killed Grinder
  3954 | D:3      | Gained mutation: You have an unnaturally thin skeletal
                  | structure. (Dex +6, Stealth+++) [demonic ancestry]
  3954 | D:3      | Reached XP level 6. HP: 22/48 MP: 6/6
  4235 | D:3      | Noticed Natasha
  4251 | D:3      | Killed Natasha
  4334 | D:3      | Found a sparkling altar of Nemelex Xobeh.
  4334 | D:3      | Found an opulent altar of Gozag.
  4340 | D:3      | Became a worshipper of Gozag Ym Sagoz the Greedy
  4483 | D:4      | Noticed Menkaure
  4491 | D:4      | Killed Menkaure
  4492 | D:4      | Reached XP level 7. HP: 4/55 MP: 7/7
  4836 | D:4      | Noticed Edmund
  5201 | D:4      | Found an ornate altar of the Wu Jian Council.
  5326 | D:4      | Killed Edmund
  5821 | D:5      | Noticed Sigmund
  5837 | D:5      | Killed Sigmund
  5838 | D:5      | Reached skill level 5 in Fighting
  5838 | D:5      | Reached XP level 8. HP: 62/62 MP: 8/8
  6020 | D:5      | Found a shadowy altar of Dithmenos.
  6382 | D:5      | Found an ancient bone altar of Kikubaaqudgha.
  7319 | D:5      | Found a shadowy altar of Dithmenos.
  7450 | D:5      | Reached XP level 9. HP: 52/69 MP: 9/9
  7547 | D:5      | Found an ancient bone altar of Kikubaaqudgha.
  7866 | D:6      | Noticed a troll
  8136 | D:6      | Killed a troll
  8137 | D:6      | Reached skill level 6 in Fighting
  8137 | D:6      | Reached skill level 5 in Axes
  8137 | D:6      | Reached skill level 5 in Dodging
  8348 | D:6      | Noticed a two-headed ogre
  8363 | D:6      | Killed a two-headed ogre
  8364 | D:6      | Reached skill level 5 in Evocations
  8650 | D:6      | Found a blossoming altar of Fedhas.
  8899 | D:7      | Reached skill level 5 in Armour
  9768 | D:7      | Found a staircase to the Ecumenical Temple.
  9784 | D:7      | Found a snail-covered altar of Cheibriados.
  9921 | D:7      | Found an iron altar of Okawaru.
 10673 | D:8      | Reached skill level 5 in Throwing
 10673 | D:8      | Gained mutation: A meltable shield of frost defends you.
                  | (SH +4) [demonic ancestry]
 10673 | D:8      | Reached XP level 10. HP: 66/77 MP: 10/10
 11129 | D:8      | Noticed Joseph
 11464 | D:8      | Killed Joseph
 11465 | D:8      | Reached skill level 7 in Fighting
 11661 | D:8      | Paralysed by an orc wizard for 6 turns
 11943 | D:8      | Found a broken altar of Ashenzari.
 12882 | D:9      | Found Tiobul's Distillery.
 12904 | D:9      | Bought a potion of heal wounds for 75 gold pieces
 13107 | D:9      | Found a transporter.
 13140 | D:9      | Found a transporter.
 14277 | D:9      | Identified the +5 long sword of Qoetaf {drain, rF- rN+
                  | Will+ Int+4}
 14604 | D:10     | Entered Level 10 of the Dungeon
 14845 | D:10     | Found a blossoming altar of Fedhas.
 15027 | D:10     | Found a runed translucent door.
 15031 | D:10     | Found a basalt altar of Yredelemnul.
 15742 | D:11     | Noticed a centaur warrior
 15814 | D:11     | Noticed a two-headed ogre
 15924 | D:11     | Gained mutation: You have a pair of small horns on your
                  | head. [demonic ancestry]
 15924 | D:11     | Reached XP level 11. HP: 83/86 MP: 11/11
 15947 | D:11     | Noticed Grum
 15964 | D:11     | Reached skill level 8 in Fighting
 15967 | D:11     | Killed Grum
 16512 | D:11     | Killed a centaur warrior
 17371 | D:11     | Noticed Maurice
 17415 | D:11     | Killed Maurice
 17583 | D:11     | Noticed Urug
 17604 | D:11     | Killed Urug
 17858 | D:11     | Killed a two-headed ogre
 18007 | D:11     | Found a staircase to the Lair.
 18213 | Lair:1   | Entered Level 1 of the Lair of Beasts
 18213 | Lair:1   | Noticed a six-headed hydra
 18333 | D:11     | HP: 3/130 [yak (11)]
 18333 | D:11     | Mangled by a six-headed hydra

Illustrated notes

Levels and vault maps discovered:
D:1:      scummos_arrival_checkerplants, layout_basic,
          hellmonk_ecumenical_altar_arch_garden
D:2:      layout_basic, minmay_fountain_box
D:3:      layout_basic, grunt_temple_overflow_opulence, old_standard_altar,
          uniq_ijyb, uniq_natasha, uniq_grinder
D:4:      layout_rooms, nicolae_overflow_crystal_walls, lemuel_blue_sif_altar,
          lemuel_round_altar, nicolae_shop_firing_range, uniq_menkaure,
          uniq_edmund
D:5:      layout_cave_pools, kiku_gazebo_pond_becter, lemuel_round_altar,
          chequers_serial_rivers_marsh, eino_small_chamber_without_monster,
          uniq_sigmund
D:6:      layout_cave_pools, hangedman_feature_mirror
D:7:      minmay_spotlight, layout_loops_corners, okawaru_ov_weapons_minmay,
          cheibriados_altar_1, temple_doors_ab, kennysheep_cluttered_room
D:8:      layout_loops_cross, evilmike_ruin_ashenzari, uniq_joseph
D:9:      gammafunk_beogh_shrine, layout_cave_pools, serial_shops, shop,
          kennysheep_cross_bottleneck
D:10:     layout_rooms, dk_yredelemnul_ordeal, fedhas_altar_1
D:11:     layout_loops_ring, grunt_lair_entry_orc_guard_hut, uniq_urug,
          uniq_maurice, uniq_grum
Lair:1:   layout_hall_layers, minmay_holes

Skill      XL: |  1  2  3  4  5  6  7  8  9 10 11 |
---------------+----------------------------------+-----
Axes           | 2 3 4 5 6 7 |  7.7
Armour         | 1 2 3 4 5 6 7 |  7.1
Dodging        | 2 3 4 5 6 7 |  7.5
Evocations     | 1 2 3 4 5 6 |  6.4
Throwing       | 1 2 3 5 6 |  6.3
Fighting       | 4 5 6 7 8 |  8.7
Stealth        | |  4.5

Action                   |  1- 3 |  4- 6 |  7- 9 | 10-12 || total
-------------------------+-------+-------+-------+-------++-------
Melee: Morningstar       |    50 |   217 |    15 |       ||   282
       Flail             |       |       |    99 |       ||    99
       Whip              |       |       |    87 |   355 ||   442
       Headbutt          |       |       |       |    35 ||    35
       Broad axe         |       |       |       |    21 ||    21
Throw: Dart              |       |     9 |    66 |    41 ||   116
       Javelin           |       |     2 |     4 |    59 ||    65
       Throwing net      |       |     2 |       |       ||     2
Evoke: Wand              |     2 |       |    16 |    17 ||    35
       Condenser vane    |       |       |       |     2 ||     2
  Use: Scroll            |     2 |       |       |    15 ||    17
       Potion            |     1 |       |       |     4 ||     5
 Stab: Sleeping          |     2 |    11 |     4 |     6 ||    23
       Held in net/web   |       |     1 |       |       ||     1
       Distracted        |       |       |     1 |     1 ||     2
       Confused          |       |       |       |     1 ||     1
Armor: Leather armour    |    25 |       |       |    43 ||    68
       Chain mail        |       |    66 |       |       ||    66
       Scale mail        |       |    62 |    69 |    77 ||   208
       Ring mail         |       |     3 |       |       ||     3
       Skin              |       |       |       |    37 ||    37
Dodge: Dodged            |    60 |   111 |   136 |   334 ||   641
Block: Other             |       |       |       |    77 ||    77

Table legend: (Time is in decaauts)
 A = Elapsed time spent in this place.
 B = Non-inter-level travel time spent in this place.
 C = Inter-level travel time spent in this place.
 D = Time resting spent in this place.
 E = Time spent auto-exploring this place.
 F = Levels seen in this place.
 G = Mean time per level.
                   A        B        C        D        E       F      G
               +--------+--------+--------+--------+--------+-----+--------+
         Total |  18448 |  17646 |    802 |   2760 |  12038 |  12 | 1537.3 |
       Dungeon |  18441 |  17639 |    802 |   2760 |  12038 |  11 | 1676.5 |
          Lair |      6 |      6 |      0 |      0 |      0 |   1 |    6.0 |
               +--------+--------+--------+--------+--------+-----+--------+

Top non-repeatable levels by time:
     D:7: 2469 daAuts
     D:5: 2469 daAuts
    D:11: 2061 daAuts
     D:4: 1946 daAuts
     D:8: 1828 daAuts
    D:10: 1624 daAuts
     D:9: 1532 daAuts
     D:2: 1399 daAuts
     D:3: 1256 daAuts
     D:1: 1080 daAuts
     D:6: 772 daAuts
  Lair:1: 6 daAuts
